 Dungeon Crawl Stone Soup version 0.26-b1-32-g5d43845318 (webtiles) character file.

Game seed: 3430031903079785421

98 Aviak the Poker (level 4, -2/32 HPs)
             Began as a Tengu Abyssal Knight on Jan 12, 2021.
             Was a Believer of Lugonu.
             Slain by an adder (4 damage)
             ... on level 2 of the Dungeon.
             The game lasted 00:01:18 (1585 turns).

Aviak the Poker (Tengu Abyssal Knight)              Turns: 1585, Time: 00:01:19

Health: -2/32      AC:  3    Str: 12    XL:     4   Next: 69%
Magic:  5/8        EV: 15    Int: 13    God:    Lugonu [**....]
Gold:   64         SH:  0    Dex: 14    Spells: 3/3 levels left

rFire    + . .     SeeInvis .   a - +1 spear
rCold    + . .     Faith    .   (no shield)
rNeg     . . .     Spirit   .   b - +0 leather armour
rPois    +         Reflect  .   (helmet restricted)
rElec    +         Harm     .   (no cloak)
rCorr    +         Rampage  .   (no gloves)
Will     .....                  (boots unavailable)
Stlth    +.........             (no amulet)
HPRegen  0.10/turn              (no ring)
MPRegen  0.11/turn              (no ring)

@: lethally poisoned (-2 -> -9), resistant, very slightly contaminated,
invisible
A: beak, talons 3
a: Renounce Religion, Depart the Abyss, Bend Space


You were on level 2 of the Dungeon.
You worshipped Lugonu.
Lugonu was pleased with you.
You visited 1 branch of the dungeon, and saw 2 of its levels.
You visited the Abyss 1 time.

You collected 64 gold pieces.

Inventory:

Hand Weapons
 a - a +1 spear (weapon)
Armour
 b - a +0 leather armour (worn)
Scrolls
 c - 3 scrolls of teleportation {unknown}
 f - 2 scrolls of identify {unknown}
 h - a scroll of fog {unknown}
 j - a scroll of enchant armour {unknown}
Potions
 i - a potion of curing {unknown}


   Skills:
 + Level 6.3 Fighting
 + Level 6.4 Polearms
 - Level 2.1 Armour
 + Level 6.1 Dodging
 - Level 4.9 Invocations


You had 3 spell levels left.
You didn't know any spells.
Your spell library was empty.

Dungeon Overview and Level Annotations

Branches:
Dungeon (2/15)

Altars:
Sif Muna


Innate Abilities, Weirdness & Mutations

You have a beak for a mouth.
You have claws for feet.


Message History

The adder closely misses you.
Unknown command.
It was a potion of invisibility.
You fade into invisibility!
The adder bites you.
* * * LOW HITPOINT WARNING * * *
You are more poisoned.
The adder poisons you!
You are very lightly contaminated with residual magic.
It was a potion of experience.
You feel more experienced!
Your Fighting skill gained 3 levels and is now at level 6!
Your Polearms skill gained 3 levels and is now at level 6!
Your Dodging skill gained 4 levels and is now at level 6!
Your Invocations skill gained 3 levels and is now at level 4!
You have reached level 4!
You feel clever.
* * * LOW HITPOINT WARNING * * *
You feel sick. The adder bites you.
You die...

##.....#...## .#
#.....#...## #.#
###.......## #$#
#...##....# #.#
#.####...... #.###.#
#....#.
##.##..####....#.
#.######†.............#
......S@..##.######...#
.#.######.##.# #.#..#
#...## #####


You could see an adder.

Vanquished Creatures
  A gnoll (D:1)
  5 bats
  3 giant cockroaches
  7 goblins
  3 hobgoblins (D:1)
  A ball python (D:2)
  A frilled lizard (D:2)
  6 kobolds
  9 rats
36 creatures vanquished.

Notes
Turn   | Place    | Note
-------+----------+-------------------------------------------
     0 | Abyss:1  | Aviak the Tengu Abyssal Knight began the quest for the Orb.
     0 | Abyss:1  | Reached XP level 1. HP: 14/14 MP: 3/3
    44 | D:1      | Escaped the Abyss
   403 | D:1      | Reached XP level 2. HP: 19/19 MP: 4/4
   606 | D:1      | Reached ** piety under Lugonu
   619 | D:1      | Reached XP level 3. HP: 10/23 MP: 5/5
  1354 | D:2      | Found a shimmering blue altar of Sif Muna.
  1585 | D:2      | Reached XP level 4. HP: 3/32 MP: 5/8
  1585 | D:2      | Slain by an adder

Illustrated notes

Levels and vault maps discovered:
D:1:      eino_arrival_cavern_a, layout_basic
D:2:      layout_rooms, tgw_trog, lemuel_doored_altar, feat_on_display

Skill      XL: |  1  2  3 |
---------------+----------+-----
Dodging        | 2 6 |  6.1
Polearms       | 6 |  6.4
Fighting       | 6 |  6.3
Invocations    | 4 |  4.9
Armour         | |  2.1

Action                   |  1- 3 |  4- 6 || total
-------------------------+-------+-------++-------
Melee: Spear             |   103 |       ||   103
       Kick              |    20 |       ||    20
       Peck              |     9 |       ||     9
  Use: Potion            |     3 |       ||     3
 Stab: Sleeping          |     1 |       ||     1
Armor: Leather armour    |    16 |       ||    16
Dodge: Dodged            |    39 |       ||    39
